 Dungeon Crawl Stone Soup version 0.31-a0-716-gc7603755dd (webtiles) character file.

Game seed: 12209773137616153999

133 Ordine the Ruffian (level 5, 0/34 HPs)
             Began as an Octopode Shapeshifter on Sept 9, 2023.
             Constricted to death by Ijyb (5 damage)
             ... on level 3 of the Dungeon.
             The game lasted 00:03:42 (1820 turns).

Ordine the Ruffian (Octopode Shapeshifter)          Turns: 1820, Time: 00:03:44

Health: 0/34       AC:  1    Str: 15    XL:     5   Next: 16%
Magic:  5/5        EV: 10    Int: 13    God:
Gold:   54         SH:  0    Dex: 11    Spells: 4/4 levels left

rFire   . .          .
                       - Unarmed
rCold   . . .        (no shield)
rNeg    . . .        (helmet currently unavailable)
rPois   .            (no amulet)
rElec   .            (no ring)
rCorr   .            (no ring)
SInv    .            (no ring)
Will    .....        (no ring)
Stlth   +++          (no ring)
HPRegen 0.25/turn    (no ring)
MPRegen 0.09/turn    (no ring)
                     (no ring)

%: no passive effects
@: beast-form, grasped by roots, constricted
A: beast (slay +1), almost no armour, amphibious, 8 rings, camouflage 1,
gelatinous body 1, (nimble swimmer 1), tentacles
a: Begin Untransformation


You were on level 3 of the Dungeon.
You were a hulking beast.
You visited 1 branch of the dungeon, and saw 3 of its levels.

You collected 74 gold pieces.
You spent 20 gold pieces at shops.

Inventory:

Talismans
 b - a beast talisman (active)
 c - a flux talisman
Scrolls
 d - a scroll of amnesia
 e - a scroll of fog {unknown}
 f - a scroll of poison {unknown}
 h - a scroll of revelation {unknown}
 i - a scroll of noise {unknown}
 j - a scroll of identify
Potions
 a - a potion of lignification
 g - 2 potions of curing {unknown}


   Skills:
 + Level 2.1 Fighting
 + Level 2.7 Dodging
 + Level 2.2 Stealth
 * Level 4.2 Unarmed Combat
 + Level 3.3 Shapeshifting


You had 4 spell levels left.
You didn't know any spells.
Your spell library contained the following spells:

 Spells                   Type           Power      Damage    Failure   Level
 Gell's Gravitas          Tloc           0%         N/A       67%         3
 Teleport Other           Tloc           0%         N/A       67%         3
 Dispersal                Tloc           0%         N/A       100%        6


Dungeon Overview and Level Annotations

Branches:
Dungeon (3/15)

Altars:

Shops:
D:2 *

Annotations:
D:3 Ijyb


Innate Abilities, Weirdness & Mutations

You are a hulking beast.
Your limbs bulge with bestial killing power. (Slay +1)
You cannot wear most types of armour.
You are amphibious.
You can wear up to eight rings at the same time.
Your skin changes colour to match your surroundings (Stealth+).
Your rubbery body absorbs attacks. (AC +1, EV +1)
((You are camouflaged when in or above water. (Stealth+)))
You have tentacles for arms and can constrict up to eight enemies at once.


Message History

No target in view!
You feel sick.
You feel sick.
You feel sick.
You are no longer poisoned.
j - a scroll of identify Ijyb and a rat come into view.
Ijyb is wielding a +0 club and carrying a wand of roots.
Ijyb shouts!
The rat moves out of view.
Ijyb barely misses you.
You tentacle-slap Ijyb but do no damage.
Your grab misses Ijyb.
You tentacle-slap Ijyb but do no damage.
You grab Ijyb. You constrict Ijyb. Ijyb barely misses you.
You tentacle-slap Ijyb but do no damage.
Ijyb is lightly wounded.
You constrict Ijyb. The rat completely misses you.
Ijyb hits you with a +0 club.
You tentacle-slap Ijyb but do no damage.
Ijyb is lightly wounded.
You constrict Ijyb, but do no damage. The rat bites you.
Ijyb zaps a wand.
The roots erupt in riotous growth!
The grasping roots grab you!
The rat is unaffected.
Ijyb is unaffected.
The grasping roots constrict you!
You tentacle-slap Ijyb but do no damage.
Ijyb is lightly wounded.
You constrict Ijyb. The rat bites you. Ijyb hits you with a +0 club.
The grasping roots constrict you.
* * * LOW HITPOINT WARNING * * *
You are too injured to fight recklessly!
You are too injured to fight recklessly!
You tentacle-slap Ijyb.
Ijyb is heavily wounded.
You constrict Ijyb, but do no damage. The rat bites you.
* * * LOW HITPOINT WARNING * * *
Ijyb hits you with a +0 club.
* * * LOW HITPOINT WARNING * * *
The grasping roots constrict you.
You die...

####.........#.........
#............##†#......
##...............#[.....
#.......†.....##........
#..........<..###.......
#.............# #..#####
#...........### ##......
####........# ######.
#...h....# #..rg....#
#...$....# . #........#
. #..........
#.......#### #.......#
#.......#


You could see Ijyb and a rat.

Vanquished Creatures
  Robin (D:2)
  6 adders
  A worm (D:2)
  6 ball pythons
  2 endoplasms
  4 giant cockroaches
  15 goblins (D:2)
  4 hobgoblins
  6 jackals (D:1)
  2 quokkas (D:1)
  3 bats
  7 frilled lizards
  3 kobolds (D:1)
  A rat (D:1)
61 creatures vanquished.

Notes
Turn   | Place    | Note
-------+----------+-------------------------------------------
     0 | D:1      | Ordine the Octopode Shapeshifter began the quest for the
                  | Orb.
     0 | D:1      | Reached XP level 1. HP: 13/13 MP: 1/1
    65 | D:1      | Reached XP level 2. HP: 16/18 MP: 2/2
   154 | D:1      | Reached skill level 1 in Stealth
   567 | D:2      | Reached XP level 3. HP: 23/23 MP: 3/3
   705 | D:2      | Noticed Robin
   800 | D:2      | Killed Robin
   801 | D:2      | Reached XP level 4. HP: 27/29 MP: 4/4
  1242 | D:2      | Found Jaegelei's General Store.
  1250 | D:2      | Bought a scroll of identify for 20 gold pieces
  1377 | D:2      | Reached skill level 4 in Unarmed Combat
  1675 | D:3      | Reached XP level 5. HP: 34/34 MP: 5/5
  1811 | D:3      | Noticed Ijyb
  1820 | D:3      | Constricted to death by Ijyb

Illustrated notes

Levels and vault maps discovered:
D:1:      tekkud_arrival_beachfront_property, layout_rooms, hex_intersection,
          minmay_misc_feat_columns
D:2:      layout_basic, serial_curves, eino_curves_04, eino_curves_04,
          eino_curves_01, eino_curves_04, serial_shops,
          nicolae_shop_tiny_statue_garden, uniq_robin
D:3:      layout_basic, tgw_kikubaaqudgha, hellmonk_ecumenical_altar_blasted,
          serial_shops, nicolae_shop_mannequins, nicolae_shop_trees, shop,
          nicolae_lakefront_shop, uniq_ijyb

Skill      XL: |  1  2  3  4 |
---------------+-------------+-----
Stealth        | 1 2 |  2.2
Fighting       | 2 |  2.1
Unarmed Combat | 4 |  4.2
Dodging        | |  2.7
Shapeshifting  | |  3.3

Action                     |  1- 3 |  4- 6 || total
---------------------------+-------+-------++-------
  Melee: Unarmed           |    62 |    63 ||   125
         Constrict         |    14 |    17 ||    31
         Tentacles         |     7 |     5 ||    12
         Punch             |       |     1 ||     1
    Use: Scroll            |       |     1 ||     1
   Stab: Sleeping          |     2 |     8 ||    10
 Armour: Skin              |    24 |    35 ||    59
  Dodge: Dodged            |    52 |    24 ||    76

Table legend: (Time is in decaauts)
 A = Elapsed time spent in this place.
 B = Non-inter-level travel time spent in this place.
 C = Inter-level travel time spent in this place.
 D = Time resting spent in this place.
 E = Time spent auto-exploring this place.
 F = Levels seen in this place.
 G = Mean time per level.
                   A        B        C        D        E       F      G
               +--------+--------+--------+--------+--------+-----+--------+
         Total |   1812 |   1731 |     81 |     42 |   1327 |   3 |  604.0 |
       Dungeon |   1812 |   1731 |     81 |     42 |   1327 |   3 |  604.0 |
               +--------+--------+--------+--------+--------+-----+--------+

Top non-repeatable levels by time:
     D:2: 1066 daAuts
     D:1: 595 daAuts
     D:3: 151 daAuts
